 Dungeon Crawl Stone Soup version 0.31-a0-202-g547052bce9 (webtiles) character file.

Game seed: 17494971391732565850

20794 qw the Markself (level 12, -3/72 HPs)
             Began as a Deep Elf Hunter on June 26, 2023.
             Was an Elder of Okawaru.
             Slain by a six-headed hydra (12 damage)
             ... on level 3 of the Lair of Beasts.
             The game lasted 00:07:04 (14314 turns).

qw the Markself (Deep Elf Hunter)                  Turns: 14314, Time: 00:07:05

Health: -3/72      AC: 10    Str: 12    XL:     12   Next: 48%
Magic:  21/21      EV: 23    Int: 16    God:    Okawaru [****..]
Gold:   758        SH:  0    Dex: 18    Spells: 11/11 levels left

rFire   . . .        Y - +0 arbalest (freeze)
rCold   . . .        (shield currently unavailable)
rNeg    . . .        o - +2 acid dragon scales
rPois   +            h - +2 hat
rElec   .            (no cloak)
rCorr   +            (no gloves)
SInv    .            (no boots)
Will    +....        (no amulet)
Stlth   ++           c - +5 ring of evasion
HPRegen 0.32/turn    b - ring of poison resistance
MPRegen 0.17/turn

%: no passive effects
@: no status effects
A: no striking features
a: Renounce Religion, Heroism, Finesse


You were on level 3 of the Lair of Beasts.
You worshipped Okawaru.
Okawaru was greatly pleased with you.
You visited 3 branches of the dungeon, and saw 15 of its levels.

You collected 848 gold pieces.
You spent 90 gold pieces at shops.


   Skills:
 + Level 7.5 Fighting
 - Level 18.0 Ranged Weapons
 - Level 3.1 Armour
 - Level 11.2 Dodging
 - Level 1.2 Stealth
 - Level 10.0 Invocations


You had 11 spell levels left.
You didn't know any spells.
Your spell library was empty.

Inventory:

Hand Weapons
 Y - a +0 arbalest of freezing (weapon)
Armour
 h - a +2 hat (worn)
 l - a +1 leather armour of fire resistance
 o - +2 acid dragon scales (worn)
Jewellery
 b - a ring of poison resistance (right hand)
 c - a +5 ring of evasion (left hand)
 e - a ring of fire
 j - a +4 ring of protection
Scrolls
 f - a scroll of identify
 g - 2 scrolls of teleportation
Potions
 a - 2 potions of curing
 d - a potion of enlightenment
 i - 3 potions of might
 k - a potion of resistance
 m - a potion of cancellation {unknown}
 n - a potion of magic {unknown}

Dungeon Overview and Level Annotations

Branches:
Dungeon (11/15)            Temple (1/1) D:5            Lair (3/5) D:11
  Swamp (0/4) Lair:2       Spider (0/4) Lair:2
    Orc: D:9-12

Altars:
Ashenzari
Cheibriados
Dithmenos
Elyvilon
Fedhas
Gozag
Hepliaklqana
Kikubaaqudgha
Makhleb
Nemelex Xobeh
Okawaru
Qazlal
Ru
Sif Muna
Trog
Uskayaw
Vehumet
Wu Jian
Xom
Yredelemnul
Zin
The Shining One

Shops:
D:1 (   D:3 ?

Portals:
Trove: D:10 (give +2 fire dragon scales)

Annotations:
D:7 1 runed translucent door, Crazy Yiuf
D:11 exclusion: orc


Message History

The wolf closely misses you. The wyvern closely misses you.
You shoot a bolt. The bolt hits the wyvern.
The bolt freezes the wyvern.
The wyvern is severely wounded.
The wolf completely misses you. The wyvern misses you. The wolf misses you.
You shoot a bolt. The bolt hits the wyvern!
The bolt freezes the wyvern.
You kill the wyvern!
Okawaru accepts your kill. The wolf barely misses you.
The wolf completely misses you.
You shoot a bolt. The bolt hits the wolf!
The bolt freezes the wolf.
The wolf is heavily wounded.
The wolf completely misses you. The wolf misses you.
You shoot a bolt. The bolt closely misses the wolf.
The wolf bites you but does no damage. The six-headed hydra bites you.
The six-headed hydra closely misses you.
The six-headed hydra bites you. The six-headed hydra barely misses you.
The six-headed hydra bites you! The six-headed hydra bites you.
The wolf completely misses you.
You shoot a bolt. The bolt closely misses the wolf.
The wolf closely misses you.
The six-headed hydra closely misses you.
The six-headed hydra misses you. x2; The six-headed hydra barely misses you.
The six-headed hydra bites you! The six-headed hydra misses you.
You shoot a bolt. The bolt hits the wolf!
The bolt freezes the wolf.
You kill the wolf!
Okawaru accepts your kill. The six-headed hydra barely misses you.
The six-headed hydra completely misses you.
The six-headed hydra barely misses you. The six-headed hydra misses you.
The six-headed hydra barely misses you. The six-headed hydra misses you.
You shoot a bolt. The bolt hits the six-headed hydra.
The bolt freezes the six-headed hydra.
The six-headed hydra is lightly wounded.
You feel like a meek peon again.
The six-headed hydra completely misses you. x2
The six-headed hydra bites you but does no damage.
The six-headed hydra closely misses you.
The six-headed hydra bites you! The six-headed hydra barely misses you.
The six-headed hydra bites you. The six-headed hydra misses you.
The six-headed hydra bites you!
You die...

####.......<
.#####.#..#...##. ..
...........#...## ..
#.#####..#.#...P# #..#
.#.####.#.....P####...##
...............#.#.#...#
.......................#
.#.#......####..D%.....#
........#.# ##..@......#
.........## #..........#
........## #..#.PP.....
.>.......####..#.#####.#
...............### .
................##
.................#
........##.#.#.###
P.##.#..######.#


You could see a six-headed hydra.

Vanquished Creatures
  2 two-headed ogres
  Pikel (D:8)
  3 oklob plants (Lair:2)
  3 elephants (Lair:1)
  A manticore (D:11)
  A black mamba (Lair:2)
  Maggie (Lair:2)
  6 cane toads
  2 unseen horror zombies (D:8)
  2 kobold demonologists
  5 komodo dragons
  A troll (D:11)
  3 hornets
  A vampire (D:6)
  A wraith (D:11)
  4 shadows (D:11)
  3 wyverns
  A basilisk (Lair:1)
  17 yaks
  2 steam dragons
  5 vampire mosquitoes (Lair:2)
  Menkaure (D:7)
  3 redbacks (Lair:2)
  Edmund (D:5)
  6 water moccasins
  An acid dragon (D:9)
  A black bear (D:6)
  6 orc warriors
  An ice beast (D:7)
  A sky beast (D:7)
  A hornet zombie (D:8)
  8 wolves
  6 centaurs
  2 ogres
  2 phantoms
  3 lemures (D:8)
  A kobold brigand (D:8)
  7 bullfrogs
  A gnoll sergeant (D:8)
  2 scorpions (D:5)
  A wyvern zombie (D:8)
  11 wights
  A howler monkey (D:5)
  3 electric eels
  2 centaur zombies (D:8)
  A quasit (D:5)
  2 jellies
  6 orc priests
  2 gnoll boudas
  6 hounds
  3 iguanas
  7 orc wizards
  3 killer bee zombies (D:8)
  2 howler monkey zombies (D:8)
  12 gnolls
  3 adders
  2 shadow imps (D:5)
  3 white imps
  6 ufetubi
  4 dart slugs
  31 orcs
  6 ball pythons
  3 bats (D:3)
  8 endoplasms
  2 giant cockroaches (D:1)
  6 goblins
  8 hobgoblins
  2 jackals (D:2)
  3 quokkas
  4 frilled lizards
  14 kobolds
  3 rats
289 creatures vanquished.

Notes
Turn   | Place    | Note
-------+----------+-------------------------------------------
     0 | D:1      | qw the Deep Elf Hunter began the quest for the Orb.
     0 | D:1      | Reached XP level 1. HP: 12/12 MP: 3/3
     0 | D:1      | 0 ||| qw: Version: 0.3-a-22-g0ed2b0b
     0 | D:1      | 0 ||| qw: Game counter: 5878
     0 | D:1      | 0 ||| qw: Melee chars always use a shield: true
     0 | D:1      | 0 ||| qw: God list: Okawaru
     0 | D:1      | 0 ||| qw: Allow faded altars: false
     0 | D:1      | 0 ||| qw: Do Orc after clearing Dungeon:15 true
     0 | D:1      | 0 ||| qw: Do second Lair branch before Depths: true
     0 | D:1      | 0 ||| qw: Lair rune preference: random
     0 | D:1      | 0 ||| qw: Goals: Normal
     0 | D:1      | 0 ||| PLANNING D:1-11
   132 | D:1      | Reached XP level 2. HP: 16/16 MP: 4/4
   146 | D:1      | Reached skill level 6 in Ranged Weapons
   173 | D:1      | Found Cekon's Antique Weapon Shoppe.
   532 | D:1      | 532 ||| UPGRADING to +0 ring mail.
   542 | D:1      | 542 ||| DROPPING +0 leather armour.
   543 | D:1      | 543 ||| UPGRADING to +1 hat.
   548 | D:1      | 548 ||| READING scroll labelled KARHUA PESMI.
   649 | D:1      | 649 ||| READING 2 scrolls labelled YGAZOHUMISY.
   650 | D:1      | 650 ||| READING 4 scrolls labelled JIAPPEI DOATYD.
   654 | D:1      | 654 ||| READING scroll labelled ULEF LYTED.
   655 | D:1      | 655 ||| DROPPING scroll of butterflies.
   791 | D:2      | Reached XP level 3. HP: 20/20 MP: 5/5
  1078 | D:2      | 1078 ||| UPGRADING to +5 ring of evasion.
  1079 | D:2      | 1079 ||| DRINKING 2 brown potions.
  1135 | D:3      | Found Yreutog's Magic Scroll Shoppe.
  1148 | D:3      | Reached skill level 7 in Ranged Weapons
  1171 | D:3      | 1171 ||| BUYING 2 scrolls of identify (40 gold).
  1171 | D:3      | Bought 2 scrolls of identify for 40 gold pieces
  1171 | D:3      | 1171 ||| BUYING scroll of identify (20 gold).
  1171 | D:3      | Bought a scroll of identify for 20 gold pieces
  1171 | D:3      | 1171 ||| BUYING scroll of teleportation (30 gold).
  1171 | D:3      | Bought a scroll of teleportation for 30 gold pieces
  1472 | D:3      | 1472 ||| READING scroll of enchant armour.
  1472 | D:3      | 1472 ||| ENCHANTING +1 hat.
  1620 | D:3      | Reached XP level 4. HP: 10/25 MP: 6/6
  1704 | D:3      | 1704 ||| READING scroll labelled INAODI MECH.
  1705 | D:3      | 1705 ||| READING scroll labelled XAXKEPR IGALIEL.
  1706 | D:3      | 1706 ||| READING scroll labelled VATENU OTHREGIQ.
  1707 | D:3      | 1707 ||| READING 4 scrolls of identify.
  1707 | D:3      | 1707 ||| IDENTIFYING smoky grey potion
  1708 | D:3      | 1708 ||| DROPPING potion of lignification.
  1774 | D:4      | Noticed a phantom
  1785 | D:4      | Killed a phantom
  1786 | D:4      | Reached skill level 8 in Ranged Weapons
  1786 | D:4      | Reached XP level 5. HP: 15/29 MP: 7/7
  1850 | D:4      | 1850 ||| SWAPPING to +0 arbalest.
  1853 | D:4      | 1853 ||| DROPPING +0 shortbow.
  2002 | D:4      | Found a basalt altar of Yredelemnul.
  2006 | D:4      | Found a stormy altar of Qazlal.
  2006 | D:4      | Found a shimmering blue altar of Sif Muna.
  2017 | D:4      | Found an ornate altar of the Wu Jian Council.
  2020 | D:4      | Found a glowing silver altar of Zin.
  2304 | D:4      | Noticed an ogre
  2313 | D:4      | Reached skill level 9 in Ranged Weapons
  2314 | D:4      | Killed an ogre
  2315 | D:4      | Reached XP level 6. HP: 17/36 MP: 8/8
  2613 | D:4      | 2613 ||| READING 4 scrolls of identify.
  2613 | D:4      | 2613 ||| IDENTIFYING glowing yellow potion
  2614 | D:4      | 2614 ||| READING 3 scrolls of identify.
  2614 | D:4      | 2614 ||| IDENTIFYING green potion
  2615 | D:4      | 2615 ||| READING 2 scrolls of identify.
  2615 | D:4      | 2615 ||| IDENTIFYING glowing puce potion
  2616 | D:4      | 2616 ||| DROPPING potion of invisibility.
  2617 | D:4      | 2617 ||| DROPPING potion of degeneration.
  2618 | D:4      | 2618 ||| DROPPING potion of attraction.
  2629 | D:5      | Entered Level 5 of the Dungeon
  2645 | D:5      | Reached skill level 10 in Ranged Weapons
  2654 | D:5      | Reached skill level 3 in Dodging
  2732 | D:5      | Reached XP level 7. HP: 40/40 MP: 9/9
  2780 | D:5      | Reached skill level 11 in Ranged Weapons
  2820 | D:5      | Found a staircase to the Ecumenical Temple.
  2821 | D:5      | 2821 ||| PLANNING TEMPLE
  2821 | D:5      | 2821 ||| READING scroll labelled UZUENN JUSICK.
  2822 | D:5      | 2822 ||| READING scroll labelled UFUWNA ZOWIDO.
  2824 | D:5      | 2824 ||| Stepping ~*~*~tactically~*~*~ (cloud).
  2908 | Temple   | Entered the Ecumenical Temple
  2959 | Temple   | 2959 ||| PLANNING OKAWARU WORSHIP
  3111 | Temple   | Became a worshipper of Warmaster Okawaru
  3112 | Temple   | 3112 ||| PLANNING D:1-11
  3606 | D:5      | Noticed Edmund
  3637 | D:5      | Killed Edmund
  3638 | D:5      | Reached skill level 12 in Ranged Weapons
  3913 | D:5      | 3913 ||| UPGRADING to +1 leather armour of cold resistance.
  3923 | D:5      | 3923 ||| UPGRADING to ring of poison resistance.
  3924 | D:5      | 3924 ||| READING 3 scrolls labelled COACURA PEHIU.
  3925 | D:5      | 3925 ||| DROPPING 2 scrolls of amnesia.
  3966 | D:6      | Reached * piety under Okawaru
  4034 | D:6      | Reached XP level 8. HP: 45/45 MP: 10/10
  4039 | D:6      | 4039 ||| INVOKING Heroism.
  4049 | D:6      | Reached skill level 3 in Fighting
  4143 | D:6      | 4143 ||| FLEEEEING.
  4147 | D:6      | 4147 ||| FLEEEEING.
  4148 | D:6      | 4148 ||| FLEEEEING.
  4372 | D:6      | 4372 ||| FLEEEEING.
  4373 | D:6      | 4373 ||| FLEEEEING.
  4376 | D:6      | 4376 ||| FLEEEEING.
  4377 | D:6      | 4377 ||| FLEEEEING.
  4378 | D:6      | 4378 ||| FLEEEEING.
  4379 | D:6      | 4379 ||| FLEEEEING.
  4380 | D:6      | 4380 ||| FLEEEEING.
  4381 | D:6      | 4381 ||| FLEEEEING.
  4382 | D:6      | 4382 ||| FLEEEEING.
  4383 | D:6      | 4383 ||| FLEEEEING.
  4384 | D:6      | 4384 ||| FLEEEEING.
  4386 | D:6      | 4386 ||| INVOKING Heroism.
  4394 | D:6      | Reached skill level 3 in Invocations
  4753 | D:6      | 4753 ||| READING 2 scrolls of identify.
  4753 | D:6      | 4753 ||| IDENTIFYING black potion
  4814 | D:7      | Noticed a two-headed ogre
  4815 | D:7      | 4815 ||| INVOKING Heroism.
  4819 | D:7      | Killed a two-headed ogre
  4819 | D:7      | Reached ** piety under Okawaru
  4820 | D:7      | Reached skill level 13 in Ranged Weapons
  4820 | D:7      | Reached XP level 9. HP: 50/50 MP: 10/15
  4928 | D:7      | Identified the +10 dagger of Youthful Indiscretion {venom,
                  | rN+ Str+4}
  5030 | D:7      | 5030 ||| INVOKING Heroism.
  5086 | D:7      | 5086 ||| INVOKING Heroism.
  5091 | D:7      | Reached skill level 14 in Ranged Weapons
  5139 | D:7      | Reached skill level 6 in Dodging
  5435 | D:7      | Noticed Menkaure
  5436 | D:7      | 5436 ||| INVOKING Heroism.
  5437 | D:7      | Killed Menkaure
  5490 | D:7      | Found a runed translucent door.
  5491 | D:7      | Noticed Crazy Yiuf
  7115 | D:7      | 7115 ||| Stepping randomly (stuck).
  7307 | D:8      | Reached skill level 15 in Ranged Weapons
  7330 | D:8      | 7330 ||| INVOKING Heroism.
  7332 | D:8      | HP: 10/50 [hornet (8)]
  7333 | D:8      | 7333 ||| READING 6 scrolls of teleportation.
  7333 | D:8      | HP: 3/50 [hornet (5)]
  7336 | D:8      | HP: 1/50 [poisoned by a hornet]
  7337 | D:8      | 7337 ||| DRINKING 2 potions of curing.
  7337 | D:8      | 7337 ||| (to cure poison)
  7586 | D:8      | Noticed Pikel
  7586 | D:8      | 7586 ||| INVOKING Heroism.
  7597 | D:8      | Killed Pikel
  7671 | D:8      | Reached XP level 10. HP: 46/59 MP: 16/16
  7733 | D:8      | Reached *** piety under Okawaru
  7963 | D:8      | Reached skill level 16 in Ranged Weapons
  8466 | D:9      | 8466 ||| INVOKING Heroism.
  8471 | D:9      | 8471 ||| Stepping ~*~*~tactically~*~*~ (cloud).
  8587 | D:9      | 8587 ||| INVOKING Heroism.
  8645 | D:9      | Found a glowing golden altar of the Shining One.
  8964 | D:9      | Reached **** piety under Okawaru
  9117 | D:9      | 9117 ||| DROPPING +0 ring mail.
  9118 | D:9      | 9118 ||| UPGRADING to +0 acid dragon scales.
  9128 | D:9      | 9128 ||| DROPPING +1 leather armour of cold resistance.
  9129 | D:9      | 9129 ||| DROPPING ring of magical power.
  9130 | D:9      | 9130 ||| READING 2 scrolls labelled NOURPH OMYICAS.
  9131 | D:9      | 9131 ||| READING 2 scrolls labelled LONOTUKOUC.
  9132 | D:9      | 9132 ||| DRINKING 2 golden potions.
  9241 | D:9      | 9241 ||| READING 3 scrolls of identify.
  9241 | D:9      | 9241 ||| IDENTIFYING inky potion
  9242 | D:9      | 9242 ||| DROPPING potion of berserk rage.
  9243 | D:9      | 9243 ||| DROPPING potion of ambrosia.
  9244 | D:9      | 9244 ||| DROPPING scroll of vulnerability.
  9245 | D:9      | 9245 ||| DROPPING scroll of fog.
  9270 | D:10     | Entered Level 10 of the Dungeon
  9279 | D:10     | 9279 ||| INVOKING Heroism.
  9405 | D:10     | Found a portal to a secret trove of treasure.
  9601 | D:10     | Identified the +1 ring mail "Voukhoipn" {+Blink rC++ Dex-4
                  | Stlth+}
  9956 | D:10     | 9956 ||| READING scroll of enchant armour.
  9956 | D:10     | 9956 ||| ENCHANTING +0 acid dragon scales.
  9990 | D:10     | 9990 ||| DROPPING +1 ring mail "Voukhoipn" {+Blink rC++
                  | Dex-4 Stlth+}.
  9991 | D:10     | 9991 ||| READING 2 scrolls of identify.
  9991 | D:10     | 9991 ||| IDENTIFYING fizzy blue potion
 10014 | D:11     | 10014 ||| Stepping ~*~*~tactically~*~*~ (outnumbered).
 10021 | D:11     | Reached skill level 6 in Invocations
 10155 | D:11     | Noticed a manticore
 10156 | D:11     | 10156 ||| INVOKING Heroism.
 10158 | D:11     | Killed a manticore
 10159 | D:11     | Reached skill level 17 in Ranged Weapons
 10188 | D:11     | 10188 ||| INVOKING Heroism.
 10190 | D:11     | 10190 ||| FLEEEEING.
 10192 | D:11     | 10192 ||| FLEEEEING.
 10193 | D:11     | 10193 ||| FLEEEEING.
 10194 | D:11     | 10194 ||| FLEEEEING.
 10195 | D:11     | 10195 ||| FLEEEEING.
 10196 | D:11     | 10196 ||| FLEEEEING.
 10197 | D:11     | 10197 ||| FLEEEEING.
 10198 | D:11     | 10198 ||| FLEEEEING.
 10199 | D:11     | 10199 ||| FLEEEEING.
 10200 | D:11     | 10200 ||| FLEEEEING.
 10201 | D:11     | 10201 ||| FLEEEEING.
 10202 | D:11     | 10202 ||| FLEEEEING.
 10203 | D:11     | 10203 ||| FLEEEEING.
 10204 | D:11     | 10204 ||| FLEEEEING.
 10205 | D:11     | 10205 ||| FLEEEEING.
 10206 | D:11     | 10206 ||| FLEEEEING.
 10208 | D:11     | 10208 ||| FLEEEEING.
 10210 | D:11     | 10210 ||| FLEEEEING.
 10211 | D:11     | 10211 ||| FLEEEEING.
 10212 | D:11     | 10212 ||| FLEEEEING.
 10213 | D:11     | 10213 ||| FLEEEEING.
 10214 | D:11     | 10214 ||| FLEEEEING.
 10215 | D:11     | 10215 ||| FLEEEEING.
 10217 | D:11     | 10217 ||| FLEEEEING.
 10218 | D:11     | 10218 ||| FLEEEEING.
 10219 | D:11     | 10219 ||| FLEEEEING.
 10221 | D:11     | 10221 ||| FLEEEEING.
 10222 | D:11     | 10222 ||| FLEEEEING.
 10223 | D:11     | 10223 ||| INVOKING Heroism.
 10333 | D:11     | 10333 ||| INVOKING Heroism.
 10534 | D:11     | Found a staircase to the Lair.
 10534 | D:11     | Noticed a two-headed ogre
 10535 | D:11     | 10535 ||| INVOKING Heroism.
 10538 | D:11     | Killed a two-headed ogre
 10539 | D:11     | Reached XP level 11. HP: 63/63 MP: 15/18
 10660 | D:11     | 10660 ||| FLEEEEING.
 10661 | D:11     | 10661 ||| FLEEEEING.
 10662 | D:11     | 10662 ||| FLEEEEING.
 10663 | D:11     | 10663 ||| FLEEEEING.
 10664 | D:11     | 10664 ||| FLEEEEING.
 10665 | D:11     | 10665 ||| FLEEEEING.
 10666 | D:11     | 10666 ||| FLEEEEING.
 10668 | D:11     | 10668 ||| FLEEEEING.
 10669 | D:11     | 10669 ||| FLEEEEING.
 10670 | D:11     | 10670 ||| FLEEEEING.
 10673 | D:11     | 10673 ||| FLEEEEING.
 10674 | D:11     | 10674 ||| FLEEEEING.
 10675 | D:11     | 10675 ||| FLEEEEING.
 10774 | D:11     | 10774 ||| INVOKING Heroism.
 10778 | D:11     | Reached skill level 18 in Ranged Weapons
 10831 | D:11     | 10831 ||| INVOKING Heroism.
 10863 | D:11     | 10863 ||| DRINKING 2 potions of curing.
 10863 | D:11     | 10863 ||| (to cure confusion)
 10893 | D:11     | 10893 ||| PLANNING LAIR
 11142 | Lair:1   | Entered Level 1 of the Lair of Beasts
 11143 | Lair:1   | 11143 ||| PLANNING GAUNTLET
 11232 | Lair:1   | 11232 ||| INVOKING Heroism.
 11312 | Lair:1   | 11312 ||| INVOKING Heroism.
 11330 | Lair:1   | 11330 ||| INVOKING Heroism.
 11336 | Lair:1   | HP: 14/63 [elephant (7)]
 11337 | Lair:1   | 11337 ||| READING 6 scrolls of teleportation.
 11593 | Lair:1   | Reached skill level 9 in Dodging
 11597 | Lair:1   | 11597 ||| INVOKING Heroism.
 11738 | Lair:1   | 11738 ||| INVOKING Heroism.
 11773 | Lair:1   | 11773 ||| INVOKING Heroism.
 11854 | Lair:1   | 11854 ||| FLEEEEING.
 11870 | Lair:1   | Reached skill level 9 in Invocations
 12112 | Lair:1   | 12112 ||| INVOKING Heroism.
 12302 | Lair:1   | 12302 ||| RIP GAUNTLET
 12302 | Lair:1   | 12302 ||| PLANNING LAIR
 12302 | Lair:1   | 12302 ||| READING 2 scrolls of identify.
 12302 | Lair:1   | 12302 ||| IDENTIFYING cyan potion
 12382 | Lair:2   | Reached skill level 6 in Fighting
 12390 | Lair:2   | 12390 ||| INVOKING Heroism.
 12548 | Lair:2   | Found a staircase to the Swamp.
 12618 | Lair:2   | 12618 ||| INVOKING Heroism.
 12645 | Lair:2   | Received a gift from Okawaru
 12694 | Lair:2   | Found a hole to the Spider Nest.
 12703 | Lair:2   | Reached XP level 12. HP: 70/70 MP: 21/21
 12734 | Lair:2   | 12734 ||| INVOKING Heroism.
 12735 | Lair:2   | HP: 14/70 [cane toad (11)]
 12736 | Lair:2   | 12736 ||| READING 5 scrolls of teleportation.
 12736 | Lair:2   | HP: 4/70 [yak (10)]
 12738 | Lair:2   | Noticed Maggie
 12739 | Lair:2   | 12739 ||| READING 4 scrolls of teleportation.
 12973 | Lair:2   | 12973 ||| INVOKING Heroism.
 13183 | Lair:2   | 13183 ||| INVOKING Heroism.
 13255 | Lair:2   | 13255 ||| INVOKING Heroism.
 13273 | Lair:2   | Reached skill level 3 in Armour
 13277 | Lair:2   | Killed Maggie
 13394 | Lair:2   | 13394 ||| READING scroll of enchant armour.
 13394 | Lair:2   | 13394 ||| ENCHANTING +1 acid dragon scales.
 13445 | Lair:2   | 13445 ||| INVOKING Heroism.
 13457 | Lair:2   | HP: 13/72 [wolf (7)]
 13458 | Lair:2   | 13458 ||| READING 3 scrolls of teleportation.
 13887 | Lair:2   | Found a blossoming altar of Fedhas.
 13890 | Lair:2   | 13890 ||| INVOKING Heroism.
 13934 | Lair:2   | 13934 ||| INVOKING Heroism.
 14303 | Lair:3   | 14303 ||| INVOKING Heroism.
 14303 | Lair:3   | Noticed a six-headed hydra
 14314 | Lair:3   | HP: 11/72 [six-headed hydra (9)]
 14314 | Lair:3   | Slain by a six-headed hydra

Levels and vault maps discovered:
D:1:      onia_arrival_mini_spirals, layout_basic, serial_shops,
          nicolae_shop_trees
D:2:      layout_basic
D:3:      layout_loops_ring, serial_shops, nicolae_square_shop
D:4:      layout_loops_cross, minmay_overflow_temple_star_hex,
          minmay_misc_feat_enclosed
D:5:      layout_basic, minmay_temple_entry_grid, serial_demonic,
          serial_demonic_b, serial_demonic_c, serial_demonic_d,
          serial_demonic_g, roderic_lattice_a, uniq_edmund
D:6:      layout_gridville, grunt_decor_junction
D:7:      layout_basic, uniq_menkaure, uniq_crazy_yiuf_cottage
D:8:      layout_basic, serial_undead, serial_undead_a, serial_undead_f,
          serial_undead_d, serial_undead_e, uniq_pikel
D:9:      layout_basic, mainiacjoe_overflow_cross_hatched, serial_bayou_crossing
D:10:     layout_roguey, trove_entry_hex_spiral
D:11:     layout_loops_ring, david_lair_shrubbed, erik_orc_2
Temple:   nicolae_temple_bog_church
Lair:1:   layout_gridlike, portal_ice_cave_entry_pillars_1,
          gauntlet_entry_generic
Lair:2:   layout_regular_city, minmay_swamp_entry_swarm, spider_nest_entry_webs,
          hangedman_tree_tricks, uniq_maggie
Lair:3:   layout_gridlike, infiniplex_staircase_pool, uniq_snorg

Skill      XL: |  1  2  3  4  5  6  7  8  9 10 11 12 |
---------------+-------------------------------------+-----
Ranged Weapons | 6 7 8 9 10 12 13 15 17 18 | 18.0
Fighting       | 2 3 5 6 7 |  7.5
Dodging        | 3 4 5 6 7 9 11 | 11.2
Invocations    | 5 6 10 | 10.0
Armour         | 2 3 |  3.1
Stealth        | |  1.2

Action                     |  1- 3 |  4- 6 |  7- 9 | 10-12 || total
---------------------------+-------+-------+-------+-------++-------
  Melee: Arbalest          |       |       |       |     5 ||     5
   Fire: Shortbow          |   104 |    16 |       |       ||   120
         Arbalest          |       |    75 |   248 |   529 ||   852
 Invoke: Heroism           |       |       |     8 |    27 ||    35
    Use: Scroll            |     5 |     7 |     5 |    11 ||    28
         Potion            |     1 |       |     1 |     2 ||     4
 Armour: Ring mail         |       |    13 |    12 |       ||    25
         Leather armour    |       |       |    11 |     2 ||    13
         Acid dragon scale |       |       |       |    55 ||    55
  Dodge: Dodged            |     9 |    74 |   155 |   446 ||   684

Table legend:
 A = Non-vault XP
 B = Vault XP
 C = Vault XP percentage of total XP
 D = Non-vault monster count
 E = Vault monster count
 F = Vault count percentage of total count
                 A         B        C        D         E       F
            +---------+---------+-------+---------+---------+-------
      Total |   23106 |    6601 |  22.2 |     230 |      56 |  19.6
            +---------+---------+-------+---------+---------+-------
        D:1 |      24 |       0 |   0.0 |      13 |       0 |   0.0
        D:2 |      29 |       0 |   0.0 |      15 |       0 |   0.0
        D:3 |      61 |       0 |   0.0 |      15 |       0 |   0.0
        D:4 |     319 |       0 |   0.0 |      20 |       0 |   0.0
        D:5 |     563 |     269 |  32.3 |      13 |       8 |  38.1
        D:6 |     885 |       0 |   0.0 |      21 |       0 |   0.0
        D:7 |    1706 |     172 |   9.2 |      21 |       1 |   4.5
        D:8 |     787 |    2096 |  72.7 |      13 |      16 |  55.2
        D:9 |    1107 |       0 |   0.0 |      13 |       0 |   0.0
       D:10 |     696 |       0 |   0.0 |       5 |       0 |   0.0
       D:11 |    3838 |    1061 |  21.7 |      25 |      20 |  44.4
     Lair:1 |    5419 |       0 |   0.0 |      21 |       0 |   0.0
     Lair:2 |    6770 |    3003 |  30.7 |      29 |      11 |  27.5
     Lair:3 |     902 |       0 |   0.0 |       6 |       0 |   0.0
            +---------+---------+-------+---------+---------+-------
